 Dungeon Crawl Stone Soup version 0.18-a0-1577-gf591c28 (webtiles) character file.

18 Ijustatesigmund the Insei (level 2, -1/18 HPs)
             Began as an Octopode Transmuter on Mar 17, 2016.
             Slain by an adder (3 damage)
             ... on level 2 of the Dungeon.
             The game lasted 00:01:34 (933 turns).

Ijustatesigmund the Insei (Octopode Transmuter)      Turns: 933, Time: 00:01:34

Health: -1/18      AC:  1    Str:  9    XL:     2   Next: 66%
Magic:  2/5        EV: 12    Int: 15    God:
Gold:   59         SH:  0    Dex: 12    Spells: 2 memorised, 2 levels left

rFire  . . .     SeeInvis .       - Unarmed
rCold  . . .     Gourm    .     (no shield)
rNeg   . . .     Faith    .     (helmet restricted)
rPois  .         Spirit   .     (no amulet)
rElec  .         Dismiss  .     (no ring)
rCorr  .         Reflect  .     (no ring)
SustAt .         Harm     .     (no ring)
MR     .....                    (no ring)
Stlth  ++........               (no ring)
                                (no ring)
                                (no ring)
                                (no ring)

@: very slightly contaminated, not resistant to hostile enchantments, unstealthy
A: almost no armour, amphibious, 8 rings, constrict 8, camouflage 1, gelatinous
body 1
a: no special abilities


You were on level 2 of the Dungeon.
You were not hungry.

You visited 1 branch of the dungeon, and saw 2 of its levels.

You collected 59 gold pieces.

Inventory:

Missiles
 a - 12 arrows
Jewellery
 e - an uncursed ring of ice
Scrolls
 h - a scroll of recharging {unknown}
Potions
 d - a potion of degeneration {unknown}
 f - a potion of mutation {unknown}
 g - a potion of brilliance {unknown}
 i - a potion of heal wounds {unknown}
 j - 2 potions of magic {unknown}
Books
 b - a book of Changes

   Spells                             Type                      Level
   a - Beastly Appendage              Transmutation                1
   b - Sticks to Snakes               Transmutation                2
   c - Spider Form                    Transmutation/Poison         3
   d - Ice Form                       Ice/Transmutation            4
   e - Blade Hands                    Transmutation                5
Comestibles
 c - 2 bread rations
 l - a meat ration
 m - 6 fruits


   Skills:
 + Level 1.5 Fighting
 - Level 2.0 Dodging
 + Level 3.4 Unarmed Combat
 + Level 2.2 Spellcasting
 - Level 2.0 Transmutations


You had 2 spell levels left.
You knew the following spells:

 Your Spells              Type           Power        Failure   Level  Hunger
a - Beastly Appendage     Trmt           #.....       12%         1    #......
b - Sticks to Snakes      Trmt           #.......     14%         2    ###....


Dungeon Overview and Level Annotations

Branches:
Dungeon (2/15)

Altars:


Innate Abilities, Weirdness & Mutations

You cannot wear most types of armour.
You are amphibious.
You can wear up to eight rings at the same time.
You can use your tentacles to constrict eight enemies at once.
Your skin changes colour to match your surroundings (Stealth).
Your rubbery body absorbs attacks (AC +1).


Message History

You barely miss the worm. You grab the worm. You squeeze the worm.
The worm is heavily wounded.
You constrict the worm. The adder bites you. The worm misses you.
Casting: Beastly Appendage
Confirm with . or Enter, or press ? or * to list all spells.
You miscast Beastly Appendage.
You are very lightly contaminated with residual magic.
Your skin glows momentarily.
You constrict the worm. The adder misses you. The bat closely misses you.
The adder closely misses you. The bat hits you. The worm bites you!
Casting: Beastly Appendage
Confirm with . or Enter, or press ? or * to list all spells.
You miscast Sticks to Snakes.
You feel a strange surge of energy!
You constrict the worm. The bat hits you.
* * * LOW HITPOINT WARNING * * *
The adder barely misses you.
You release your grip on the worm.
The adder bites you.
* * * LOW HITPOINT WARNING * * *
The bat closely misses you. The adder bites you.
You die...

... #. ..?
....#.###..
..!.#......
..........
.........# #
.........#.#.# .
........<....# ..
........##+###...
.......@.b.......
####...S.........
....$....w.......
............?....
(................
.................
.)......###.....#
........# ...!.#
....... ......


You could see a worm, an adder and a bat.

Vanquished Creatures
  A dart slug (D:1)
  A bat (D:1)
  A giant cockroach (D:1)
  A goblin (D:1)
  5 hobgoblins (D:1)
  3 kobolds (D:1)
  A rat (D:1)
13 creatures vanquished.

Notes
Turn   | Place    | Note
--------------------------------------------------------------
     0 | D:1      | Ijustatesigmund the Octopode Transmuter began the quest for the Orb.
     0 | D:1      | Reached XP level 1. HP: 13/13 MP: 3/3
   464 | D:1      | Reached XP level 2. HP: 18/18 MP: 5/5
   468 | D:1      | Learned a level 2 spell: Sticks to Snakes
   933 | D:2      | Slain by an adder

Vault maps used:
D:1:      wheals_arrival_linesprint
D:2:      okawaru_gym_becter

Action                   || total
-------------------------++-------
Melee: Unarmed           ||    23
 Cast: Beastly Appendage ||     1
  Use: Scroll            ||     2
 Stab: Sleeping          ||     3
